 Dungeon Crawl Stone Soup version 0.18.1-8-gdd0e5ea (webtiles) character file.

210 Metae the Covered (level 5, -2/33 HPs)
             Began as a Gargoyle Fighter on June 10, 2016.
             Killed by divine providence
             ... invoked by an orc priest
              (13 damage)
             ... on level 3 of the Dungeon.
             The game lasted 00:11:31 (2430 turns).

Metae the Covered (Gargoyle Fighter)                Turns: 2430, Time: 00:11:31

Health: -2/33      AC: 11    Str: 20    XL:     5   Next: 88%
Magic:  5/5        EV:  7    Int:  8    God:
Gold:   101        SH:  0    Dex: 10    Spells: 0 memorised, 4 levels left

rFire  . . .     SeeInvis .     i - +2 flail (drain)
rCold  . . .     Gourm    .     b - +0 scale mail
rNeg   + . .     Faith    .     c - +0 shield
rPois  ∞         Spirit   .     (no helmet)
rElec  +         Dismiss  .     (no cloak)
rCorr  .         Reflect  .     (no gloves)
SustAt .         Harm     .     (no boots)
MR     .....                    (no amulet)
Stlth  ..........               (no ring)
                                (no ring)

@: confused, not resistant to hostile enchantments, extremely unstealthy
A: negative energy resistance 1, electricity resistance, unbreathing,
petrification resistance, rot immunity, AC +4
a: no special abilities


You were on level 3 of the Dungeon.
You were hungry.

You visited 1 branch of the dungeon, and saw 3 of its levels.

You collected 101 gold pieces.

Inventory:

Hand Weapons
 a - a +0 flail
 i - a +2 flail of draining (weapon)
Armour
 b - a +0 scale mail (worn)
 c - a +0 shield (worn)
 j - a +0 scale mail
 l - a +0 pair of boots
Scrolls
 m - a scroll of recharging {unknown}
 o - a scroll of identify {unknown}
 q - a scroll of remove curse {unknown}
Potions
 d - a potion of might
 e - 4 potions of curing
 h - a potion of lignification {unknown}
 k - a potion of ambrosia {unknown}
 p - a potion of cancellation {unknown}
Comestibles
 f - 2 bread rations
 g - 4 chunks of flesh
 n - 5 fruits


   Skills:
 * Level 4.2 Fighting
 + Level 2.7 Maces & Flails
 * Level 4.5 Armour
 + Level 1.1 Dodging
 + Level 2.6 Stealth
 + Level 3.8 Shields


You had 4 spell levels left.
You didn't know any spells.

Dungeon Overview and Level Annotations

Branches:
Dungeon (3/15)

Altars:
Cheibriados
Dithmenos


Innate Abilities, Weirdness & Mutations

You are resistant to torment.
Your stone body is resilient (AC +4).
You are immune to poison.
You resist negative energy.
You are resistant to electric shocks.
You can survive without breathing.
You are immune to petrification.
You are immune to rotting.


Message History

You sock the orc wizard!
The orc wizard is almost dead.
The orc wizard casts a spell at you.
You are confused.
Some of the chunks of flesh in your inventory have rotted away.
Your shield prevents you from hitting the orc wizard.
The orc wizard is almost dead.
The orc wizard hits you but does no damage. x2
You bump into the rock wall.
The orc wizard closely misses you.
You bump into the rock wall.
The orc wizard hits you but does no damage.
You bump into the rock wall.
The orc wizard casts a spell.
The orc wizard flickers and vanishes!
Deactivating autopickup; reactivate with Ctrl-A.
Unknown command.
You bump into the rock wall.
The orc priest mumbles some strange prayers to Beogh against you.
Beogh smites you!
You die...

#..........##### .##
#######.....#...# ...
##.....##...o#...####.. .##
#.......#....'.........
....<........#...################
.⌠.....⌠.......oo#.....<.........
..........######o#.##############
#..⌠.⌠....# #{# ##.......## #@#
##.....## #.# ##...## #.# #####
#.# #.# #.# #.# #.# #.#


You could see an orc priest and 2 orcs.

Vanquished Creatures
  2 orc wizards (D:3)
  Jessica (D:2)
  Terence (D:2)
  2 adders (D:2)
  A dart slug (D:1)
  A worm (D:2)
  2 giant geckos
  7 orcs (D:3)
  A giant cockroach (D:1)
  7 goblins
  11 hobgoblins
  10 jackals (D:1)
  A quokka (D:2)
  8 bats
  4 giant newts
  9 kobolds
  5 rats
73 creatures vanquished.

Notes
Turn   | Place    | Note
--------------------------------------------------------------
     0 | D:1      | Metae the Gargoyle Fighter began the quest for the Orb.
     0 | D:1      | Reached XP level 1. HP: 14/14 MP: 1/1
   185 | D:1      | Reached XP level 2. HP: 17/19 MP: 2/2
   429 | D:1      | Reached XP level 3. HP: 21/24 MP: 3/3
  1027 | D:1      | Found a snail-covered altar of Cheibriados.
  1083 | D:1      | Reached skill level 1 in Stealth
  1227 | D:2      | Noticed Terence
  1248 | D:2      | Killed Terence
  1248 | D:2      | Reached XP level 4. HP: 29/29 MP: 4/4
  1358 | D:2      | Found a shadowy altar of Dithmenos.
  1820 | D:2      | Noticed Jessica
  1823 | D:2      | Killed Jessica
  1823 | D:2      | Reached XP level 5. HP: 33/33 MP: 5/5
  2071 | D:3      | Reached skill level 1 in Dodging
  2404 | D:3      | HP: 1/33 [orc priest/divine providence (12)]
  2430 | D:3      | Killed from afar by an orc priest

Skill      XL: |  1  2  3  4  5 |
---------------+----------------+-----
Stealth        | 1 2 |  2.6
Fighting       | 4 |  4.2
Armour         | 4 |  4.5
Dodging        | 1 |  1.1
Maces & Flails | |  2.7
Shields        | |  3.8

Action                   |  1- 3 |  4- 6 || total
-------------------------+-------+-------++-------
Melee: Flail             |   206 |    73 ||   279
  Use: Potion            |       |     3 ||     3
  Eat: Chunk             |     2 |     3 ||     5
Armor: Scale mail        |   151 |    55 ||   206
Dodge: Dodged            |    82 |    20 ||   102
Block: Shield            |   123 |    49 ||   172
